 Dungeon Crawl Stone Soup version 0.30-a0-760-g5a9884bb7c (webtiles) character file.

Game seed: 17058581306172143913

65079 browni3141 the Devastator (level 15, -1/86 HPs)
             Began as a Tengu Hedge Wizard on Feb 12, 2023.
             Was a Follower of Uskayaw.
             Killed from afar by a fire dragon (87 damage)
             ... with a blast of flame
             ... on level 14 of the Dungeon.
             The game lasted 02:00:04 (29033 turns).

browni3141 the Devastator (Tengu Hedge Wizard)     Turns: 29033, Time: 02:00:05

Health: -1/86      AC: 12    Str: 12    XL:     15   Next: 15%
Magic:  21/28      EV: 14    Int: 26    God:    Uskayaw [*.....]
Gold:   1649       SH:  7    Dex: 15    Spells: 7/30 levels left

rFire   x . .      SeeInvis .    b - +8 long sword of the Ship {flame, Fragile rElec Int+5 Stlth+}
rCold   + . .      Faith    +    V - +2 buckler
rNeg    . . .      Spirit   .    p - +4 ring mail of Erim {Str+2}
rPois   +          Reflect  .    c - +1 hat
rElec   +          Harm     .    I - +0 cloak {rPois}
rCorr   .          Rampage  .    G - +0 pair of gloves
Will    +....                    (boots unavailable)
Stlth   +++++                    t - amulet of faith
HPRegen 0.34/turn                F - ring of wizardry
MPRegen 0.21/turn                T - ring of ice

@: flying quickly and evasively, quick
A: beak, talons 3, nimble flight
a: Renounce Religion, Stomp


You were on level 14 of the Dungeon.
You worshipped Uskayaw.
Uskayaw was aware of your devotion.
You visited 3 branches of the dungeon, and saw 20 of its levels.
You also visited: Ice Cave.

You collected 1649 gold pieces.

Inventory:

Hand Weapons
 a - a +2 dagger of draining
 b - the +8 long sword of the Ship (weapon) {flame, Fragile rElec Int+5 Stlth+}
   (You found it on level 13 of the Dungeon)

   Int:       It affects your intelligence (+5).
   rElec:     It insulates you from electricity.
   Fragile:   It will be destroyed if unequipped.
   Stlth:     It makes you more stealthy.
 y - the +1 long sword of Jauptoa {drain, *Slow Fly rElec rF+++}
   (You found it on level 4 of the Dungeon)

   rF:        It renders you almost immune to fire.
   rElec:     It insulates you from electricity.
   Fly:       It grants you flight.
   *Slow:     It may slow you when you take damage.
Missiles
 C - 2 throwing nets
 L - 2 curare-tipped darts
Armour
 c - a +1 hat (worn)
 p - the +4 ring mail of Erim (worn) {Str+2}
   (You found it on level 13 of the Dungeon)

   Str:       It affects your strength (+2).
 G - a +0 pair of gloves (worn)
 H - a +0 cloak of cold resistance
 I - a +0 cloak of poison resistance (worn)
 P - a +3 leather armour
 V - a +2 buckler (worn)
Jewellery
 i - a ring of willpower
 s - a ring of positive energy
 t - an amulet of faith (around neck)
 F - a ring of wizardry (left hand)
 T - a ring of ice (right hand)
Wands
 M - a wand of polymorph (24)
 W - a wand of mindburst (26)
 Y - a wand of quicksilver (3)
Scrolls
 g - 7 scrolls of teleportation
 h - 2 scrolls of enchant weapon
 j - 3 scrolls of magic mapping
 k - 4 scrolls of amnesia
 l - 4 scrolls of immolation
 n - a scroll of poison
 r - a scroll of blinking
 z - 4 scrolls of vulnerability
 A - 3 scrolls of fog
 D - 2 scrolls of enchant armour
 J - a scroll of torment
 O - a scroll of fear
 R - a scroll of silence
 Z - 2 scrolls of butterflies {unknown}
Potions
 d - a potion of magic
 e - a potion of invisibility
 m - 4 potions of resistance
 o - 5 potions of heal wounds
 q - 16 potions of curing
 u - 3 potions of brilliance
 v - 5 potions of flight
 w - 7 potions of might
 x - a potion of ambrosia
 B - 2 potions of berserk rage
 E - a potion of mutation {unknown}
 N - 2 potions of degeneration {unknown}
 Q - 3 potions of attraction {unknown}
 S - 4 potions of haste
 X - 4 potions of lignification
Miscellaneous
 f - a lightning rod (4/4)
 K - a phantom mirror
 U - a tin of tremorstones (1/2)


   Skills:
 - Level 7.1 Fighting
 - Level 4.0(4.9) Short Blades
 * Level 4.3(5.0) Long Blades
 - Level 1.5 Armour
 - Level 6.0 Dodging
 - Level 10.7 Stealth
 - Level 3.0 Shields
 - Level 8.0 Spellcasting
 - Level 15.6 Conjurations
 - Level 1.2 Summonings
 - Level 1.0 Translocations
 - Level 15.4 Air Magic
 - Level 2.0 Poison Magic
 - Level 10.3 Invocations
 - Level 4.0 Evocations


You had 7 spell levels left.
You knew the following spells:

 Your Spells              Type           Power      Damage    Failure   Level
a - Magic Dart            Conj           100%       1d8       1%          1
b - Blink                 Tloc           30%        N/A       7%          2
c - Call Imp              Summ           16%        N/A       6%          2
d - Mephitic Cloud        Conj/Pois/Air  61%        N/A       1%          3
e - Orb of Destruction    Conj           37%        9d11      9%          7
f - Vhi's Electric Charg  Tloc/Air       100%       N/A       1%          3
g - Arcjolt               Conj/Air       37%        1d47      1%          5

Your spell library contained the following spells:

 Spells                   Type           Power      Damage    Failure   Level
 Cigotuvi's Dreadful Rot  Necr/Pois/Air  80%        N/A       1%          2
 Dazzling Flash           Conj/Hex       100%       N/A       1%          3
 Hailstorm                Conj/Ice       67%        3d14      1%          3
 Swiftness                Air            74%        N/A       1%          3
 Slow                     Hex            40%        N/A       7%          1
 Lesser Beckoning         Tloc           30%        N/A       7%          2
 Silence                  Hex/Air        25%        N/A       9%          5
 Ensorcelled Hibernation  Hex/Ice        30%        N/A       11%         2
 Passwall                 Tmut/Erth      8%         N/A       11%         2
 Gell's Gravitas          Tloc           15%        N/A       13%         3
 Spider Form              Tmut/Pois      15%        N/A       13%         3
 Teleport Other           Tloc           15%        N/A       13%         3
 Summon Guardian Golem    Hex/Summ       13%        N/A       16%         3
 Summon Ice Beast         Ice/Summ       20%        N/A       45%         4
 Anguish                  Hex/Necr       5%         N/A       52%         4
 Ice Form                 Ice/Tmut       15%        N/A       52%         4
 Summon Mana Viper        Hex/Summ       13%        N/A       78%         5
 Spellforged Servitor     Conj/Summ      26%        N/A       85%         7
 Agony                    Necr           10%        N/A       86%         5
 Simulacrum               Ice/Necr       7%         N/A       100%        6
 Monstrous Menagerie      Summ           8%         N/A       100%        7
 Maxwell's Capacitive Co  Air            37%        ∞         58%         8


Dungeon Overview and Level Annotations

Branches:
Dungeon (14/15)            Temple (1/1) D:6            Lair (5/5) D:8
 Shoals (0/4) Lair:3        Snake (0/4) Lair:3        Slime (0/5) Lair:4
    Orc (0/2) D:10         Vaults (0/5) D:13          IceCv (visited)

Altars:
Ashenzari
Cheibriados
Dithmenos
Elyvilon
Fedhas
Gozag
Hepliaklqana
Kikubaaqudgha
Makhleb
Nemelex Xobeh
Okawaru
Qazlal
Ru
Sif Muna
Trog
Uskayaw
Vehumet
Wu Jian
Xom
Yredelemnul
Zin
The Shining One
Jiyva
Lugonu

Shops:
D:1 (   D:5 !   D:7 *   D:10 (

Portals:
Trove: D:10 (give +4 demon trident)

Annotations:
D:6 1 runed translucent door, exclusion: door, Beavis's ghost, novice NaFE


Innate Abilities, Weirdness & Mutations

You have a beak for a mouth.
You have claws for feet.
Your magical nature lets you fly swiftly and evasively.


Message History

The vampire mage flickers and vanishes!
Deactivating autopickup; reactivate with Ctrl-A.
Uskayaw will force your foes to helplessly watch your dance.
Uskayaw prepares the audience for your solo!
Casting: Arcjolt (mildly dangerous; 1% risk of failure)
Confirm with . or Enter, or press ? or * to list all spells.
Electricity surges outward!
Reactivating autopickup.
You feel a bit more experienced.
Your base Long Blades skill increases to level 4!
Found a stone staircase leading up.
There is a stone staircase leading up here.
Found a stone staircase leading down.
There is a stone staircase leading down here.
You reach down and open the door.
There is an open door here.
You reach down and open the door.
There is an open door here.
You reach down and open the door.
There is an open door here.
You reach down and open the door.
There is an open door here.
You reach down and open the door.
A fire dragon comes into view.
A fire dragon is nearby!
A freezing wraith comes into view.
There is an open door here.
Casting: Arcjolt (mildly dangerous; 1% risk of failure)
Confirm with . or Enter, or press ? or * to list all spells.
The spell is quite dangerous to miscast (9% risk of failure)!
Continue anyway?
Aiming: Orb of Destruction (quite dangerous; 9% risk of failure)
Press: ? - help, Shift-Dir - straight line, f - fire dragon
Aim: a fire dragon (asleep)
The fire dragon roars deafeningly!
The orb of destruction hits the fire dragon!!!
The fire dragon is heavily wounded.
The fire dragon breathes flames at you. The blast of flame hits you!!!!
The fire burns you terribly!
Ouch! That really hurt!
You die...

#......########.#.#.#
#......# #.....#
#......# #.#####
####+### #.....#
###'### ####.# #....#
#.#### #@# #..○....#
+...○...# #....D..#
#.......# #.......#
#.W.....+ #.......#


You could see a fire dragon (catching breath) and a freezing wraith.

Vanquished Creatures
  The ghost of Foxy the Blocker, a journeyman KoEn of Dithmenos (Lair:5)
  Josephine (Lair:4)
  2 centaur warriors
  5 hydras
  4 catoblepae
  3 two-headed ogres
  3 boulder beetles
  A vampire mage (D:14)
  12 death yaks (Lair:5)
  2 fire crabs (Lair:2)
  4 skeletal warriors (D:13)
  A skyshark (Lair:3)
  A necromancer (D:13)
  2 deep elf pyromancers
  4 ugly things
  3 manticores
  A salamander (Lair:3)
  2 black mambas
  An oklob plant (Lair:3)
  A cyclops (D:13)
  4 ice statues
  Maurice (D:10)
  A torpor snail (Lair:5)
  8 cane toads
  3 rime drakes
  4 kobold demonologists
  A rime drake (shapeshifter) (D:13)
  3 ice devils
  A freezing wraith (IceCv)
  8 komodo dragons
  5 polar bears
  7 trolls
  23 blink frogs
  4 dream sheep (Lair:5)
  A snapping turtle (Lair:3)
  Sigmund (D:4)
  A jumping spider (shapeshifter) (D:13)
  7 wraiths
  56 yaks
  2 vampires
  A shadow (D:10)
  3 wyverns
  2 vampire mosquitoes (D:10)
  5 basilisks
  A fire bat (Lair:2)
  3 fire elementals (Lair:2)
  4 steam dragons
  2 death yak simulacra (IceCv)
  A harpy simulacrum (IceCv)
  9 water moccasins
  3 acid dragons
  2 hydra simulacra (IceCv)
  A hell hound (Lair:2)
  A sky beast (D:7)
  3 orc warriors
  5 ice beasts
  7 centaurs
  15 wolves
  5 kobold brigands
  A necrophage (D:5)
  12 bullfrogs
  4 scorpions
  3 wights (D:6)
  An elephant simulacrum (IceCv)
  4 howler monkeys
  An electric eel (Lair:2)
  5 jellies
  2 gnoll boudas
  2 lava snakes (Lair:3)
  4 orc priests
  A hound (D:7)
  9 orc wizards
  4 iguanas
  2 polar bear simulacra (IceCv)
  A wolf simulacrum (IceCv)
  10 gnolls
  6 adders
  4 white imps
  A worm (D:2)
  2 dart slugs
  27 orcs
  10 endoplasms
  4 giant cockroaches
  9 goblins
  7 hobgoblins
  4 jackals
  4 quokkas
  8 ball pythons
  4 bats
  2 frilled lizards
  32 kobolds
  6 rats
  2 bushes (Lair:3)
466 creatures vanquished.

Vanquished Creatures (collateral kills)
  A necrophage (D:7)
  An iguana (D:4)
2 creatures vanquished.

Vanquished Creatures (others)
  A lava snake (Lair:3)
  2 demonic plants (D:10)
  31 fungi
  47 plants
81 creatures vanquished.

Grand Total: 549 creatures vanquished

Notes
Turn   | Place    | Note
-------+----------+-------------------------------------------
     0 | D:1      | browni3141 the Tengu Hedge Wizard began the quest for the
                  | Orb.
     0 | D:1      | Reached XP level 1. HP: 10/10 MP: 5/5
    53 | D:1      | Found Sethruqe's Weapon Shoppe.
   380 | D:1      | Reached skill level 1 in Fighting
   673 | D:1      | Reached XP level 2. HP: 16/16 MP: 5/7
  1067 | D:1      | Reached XP level 3. HP: 20/20 MP: 3/8
  1425 | D:2      | Learned a level 2 spell: Blink
  1428 | D:2      | Learned a level 2 spell: Call Imp
  1432 | D:2      | Learned a level 3 spell: Mephitic Cloud
  1479 | D:2      | Reached skill level 1 in Translocations
  1721 | D:2      | Reached skill level 1 in Air Magic
  2097 | D:2      | Reached XP level 4. HP: 25/25 MP: 3/9
  2892 | D:3      | Found a faded altar of an unknown god.
  3531 | D:3      | Found a white marble altar of Elyvilon.
  3770 | D:4      | Gained mutation: Your magical nature lets you fly swiftly
                  | and evasively. [Tengu growth]
  3770 | D:4      | Reached XP level 5. HP: 29/29 MP: 3/10
  3935 | D:4      | Reached skill level 1 in Short Blades
  4260 | D:4      | Found an opulent altar of Gozag.
  4313 | D:4      | Identified the +1 long sword of Jauptoa {drain, *Slow Fly
                  | rElec rF+++}
  4433 | D:4      | Noticed Sigmund
  4766 | D:5      | Entered Level 5 of the Dungeon
  4777 | D:5      | Reached XP level 6. HP: 34/34 MP: 0/11
  4922 | D:6      | Reached skill level 1 in Poison Magic
  5265 | D:6      | Found a staircase to the Ecumenical Temple.
  5283 | Temple   | Entered the Ecumenical Temple
  5354 | Temple   | Became a worshipper of Uskayaw the Reveller
  5382 | D:6      | Found a runed translucent door.
  5382 | D:6      | Found a shimmering altar of Xom.
  5382 | D:6      | Noticed Beavis's ghost (novice NaFE)
  5383 | D:6      | Noticed a +2 dagger of chaos
  5392 | D:6      | Reached * piety under Uskayaw
  5397 | D:6      | Reached ** piety under Uskayaw
  5400 | D:6      | Reached *** piety under Uskayaw
  5568 | D:5      | Reached skill level 5 in Conjurations
  5841 | D:5      | Reached XP level 7. HP: 38/38 MP: 4/12
  5849 | D:5      | Reached **** piety under Uskayaw
  5858 | D:5      | Reached ***** piety under Uskayaw
  6253 | D:5      | Found Gudoy's Distillery.
  6261 | D:5      | Reached skill level 1 in Invocations
  6447 | D:5      | Found a shimmering altar of Xom.
  7363 | D:6      | HP: 1/34 [wight/+0 scimitar (6)]
  7495 | D:6      | Reached skill level 5 in Stealth
  7495 | D:6      | Reached skill level 5 in Air Magic
  7495 | D:6      | Reached XP level 8. HP: 30/41 MP: 6/13
  8089 | D:4      | Killed Sigmund
  8265 | D:7      | Found a hazy altar of Hepliaklqana.
  9049 | D:7      | Reached XP level 9. HP: 46/52 MP: 14/14
  9454 | D:7      | Found Ulesis's General Store.
  9746 | D:8      | Found a staircase to the Lair.
  9965 | D:8      | Reached skill level 5 in Invocations
 10397 | D:8      | Found a snail-covered altar of Cheibriados.
 10503 | D:8      | Found an ancient bone altar of Kikubaaqudgha.
 10738 | D:9      | Reached XP level 10. HP: 36/58 MP: 9/16
 10745 | D:9      | Reached skill level 1 in Evocations
 11208 | D:9      | Found a radiant altar of Vehumet.
 11437 | D:9      | Reached skill level 5 in Dodging
 11654 | D:10     | Entered Level 10 of the Dungeon
 11654 | D:10     | Noticed a two-headed ogre
 11668 | D:10     | Found Hajis's Weapon Boutique.
 11677 | D:10     | Reached skill level 5 in Fighting
 11691 | D:10     | Killed a two-headed ogre
 11703 | D:10     | You are sucked into a shaft and drop 1 floor!
 11718 | D:11     | Noticed a kobold demonologist
 11718 | D:11     | Noticed a two-headed ogre
 11720 | D:11     | Noticed an orange demon
 11766 | D:11     | Killed a two-headed ogre
 11852 | D:11     | Killed a kobold demonologist
 12224 | D:11     | Reached XP level 11. HP: 54/64 MP: 12/18
 13218 | D:10     | Found a staircase to the Orcish Mines.
 13280 | D:10     | Found a portal to a secret trove of treasure.
 13327 | D:10     | Noticed a sun demon
 13683 | D:10     | Noticed Maurice
 13691 | D:10     | Killed Maurice
 13838 | D:10     | Found a corrupted altar of Lugonu.
 14014 | D:10     | Found a glowing golden altar of the Shining One.
 14085 | D:10     | Reached skill level 1 in Shields
 14182 | D:10     | Reached skill level 10 in Invocations
 14639 | Lair:1   | Entered Level 1 of the Lair of Beasts
 15476 | Lair:1   | Learned a level 7 spell: Orb of Destruction
 15537 | Lair:2   | Found a transporter.
 15583 | Lair:2   | Found a shimmering altar of Xom.
 15894 | Lair:2   | Found a transporter.
 15899 | Lair:2   | Noticed a fire crab
 15899 | Lair:2   | Noticed a fire crab
 15953 | Lair:2   | Reached XP level 12. HP: 43/70 MP: 7/20
 15995 | Lair:2   | Reached skill level 10 in Conjurations
 15998 | Lair:2   | Reached ****** piety under Uskayaw
 16469 | Lair:3   | Noticed a seven-headed hydra
 17123 | Lair:3   | Learned a level 3 spell: Vhi's Electric Charge
 17471 | Lair:3   | Found a staircase to the Shoals.
 17500 | Lair:3   | Killed a seven-headed hydra
 17684 | Lair:3   | Reached skill level 5 in Spellcasting
 17940 | Lair:3   | Found a staircase to the Snake Pit.
 18549 | Lair:4   | Found a frozen archway.
 18592 | Lair:4   | Reached skill level 10 in Air Magic
 18756 | IceCv    | Entered an ice cave
 18774 | IceCv    | Reached XP level 13. HP: 17/74 MP: 13/22
 19699 | IceCv    | Learned a level 5 spell: Arcjolt
 20099 | Lair:4   | Found a runed translucent door.
 20100 | Lair:4   | Found a viscous altar of Jiyva.
 20102 | Lair:4   | Found a staircase to the Slime Pits.
 20660 | Lair:5   | Entered Level 5 of the Lair of Beasts
 21332 | Lair:5   | Found a runed translucent gate.
 21332 | Lair:5   | Found a runed translucent gate.
 21332 | Lair:5   | Found a runed translucent gate.
 21335 | Lair:5   | Noticed Foxy's ghost (journeyman KoEn)
 21594 | Lair:5   | Identified the +2 leather armour of Dithmenos's Esteem
                  | {rN+}
 21914 | Lair:5   | Killed Foxy's ghost
 22292 | Lair:5   | Reached XP level 14. HP: 60/80 MP: 3/27
 23504 | Lair:5   | HP: 3/80 [barbs]
 23548 | Lair:5   | Reached skill level 15 in Conjurations
 25235 | Lair:4   | Noticed Josephine
 25244 | Lair:4   | Killed Josephine
 25245 | Lair:4   | Reached skill level 10 in Stealth
 26311 | D:12     | Reached skill level 15 in Air Magic
 27256 | D:13     | Identified the +4 ring mail of Erim {Str+2}
 27607 | D:13     | Reached skill level 1 in Armour
 27607 | D:13     | Reached XP level 15. HP: 42/86 MP: 2/28
 27894 | D:13     | Identified the +8 long sword of the Ship {flame, Fragile
                  | rElec Int+5 Stlth+}
 28277 | D:13     | Reached skill level 1 in Long Blades
 28461 | D:13     | Found a gate to the Vaults.
 29033 | D:14     | Killed from afar by a fire dragon

Illustrated notes

Levels and vault maps discovered:
D:1:      minmay_arrival_doors, layout_loops_corners, serial_shops, shop
D:2:      layout_basic
D:3:      minmay_chambers_of_twos, layout_rooms, nicolae_elyvilon_temple_path,
          basic_ecumenical_altar
D:4:      layout_loops_ring, grunt_gozag_breadcrumbs, uniq_sigmund
D:5:      layout_loops_ring, general_overflow_altar, serial_shops,
          nicolae_shop_advertising_works [nicolae_subvault_shop_adworks],
          grunt_ministairs_3, nicolae_figureground_sparkle
D:6:      layout_basic, minmay_temple_entry_waves, ebering_ghost_xom
D:7:      layout_cave_pods, nicolae_overflow_crystal_walls, serial_shops, shop,
          minmay_misc_feat_cross
D:8:      layout_gridville, overflow_temple_1_default, kennysheep_little_box,
          lair_entry_dummy
D:9:      layout_loops_ring, fiery_altar_vehumet
D:10:     kennysheep_kobold_lugonu_temple, layout_rooms,
          mainiacjoe_overflow_paths, orc_0_dummy, serial_shops, shop,
          enter_trove_6, serial_aquarium, aquarium_bridge_long_separate
          [aquarium_subvault_bridge, aquarium_subvault_bridge,
          aquarium_subvault_bridge, aquarium_subvault_wall,
          aquarium_subvault_wall, aquarium_subvault_bridge],
          aquarium_bridge_square [aquarium_subvault_bridge,
          aquarium_subvault_bridge, aquarium_subvault_bridge,
          aquarium_subvault_window], aquarium_window_fake,
          aquarium_window_corner, aquarium_window_fake, aquarium_view_2d,
          aquarium_view_4, aquarium_pool_2, serial_bayou_lagoon_a,
          dk_noncrumbling_3, kennysheep_small_square, uniq_maurice
D:11:     layout_basic
D:12:     layout_basic
D:13:     layout_layer_cave, david_vaults_1
D:14:     layout_roguey, bh_walls_and_bars, nzn_life_drinkers
Temple:   jpeg_temple_clearing
Lair:1:   layout_cave_shapes
Lair:2:   gammafunk_cloud_chamber, layout_gridlike, basic_altar,
          chequers_serial_rivers_small_b, hibernation_bobbens,
          grunt_megastairs_5, serial_bayou_shore_a, lemuel_fruit_tree,
          infiniplex_staircase_pool
Lair:3:   layout_big_grid, minmay_shoals_entry_hut,
          nicolae_snake_entry_warm_welcome, minmay_lair_oklob_bushes,
          ice2_lemuel, serial_bayou_shore_b
Lair:4:   layout_cave_pods, slime_entry_2, portal_ice_cave_demonic_guard,
          uniq_josephine
Lair:5:   evilmike_catoblepas_cave, layout_layer_cave,
          gammafunk_ghost_hydra_chop, nicolae_quartered_pool_medium

Skill      XL: |  1  2  3  4  5  6  7  8  9 10 11 12 13 14 15 |
---------------+----------------------------------------------+-----
Fighting       | 1 4 6 7 |  7.1
Conjurations   | 2 3 4 5 6 8 12 14 15 | 15.6
Translocations | 1 |  1.0
Air Magic      | 2 4 5 6 10 13 15 | 15.4
Short Blades   | 2 3 4 |  4.0
Stealth        | 3 5 8 10 | 10.7
Poison Magic   | 2 |  2.0
Invocations    | 2 3 5 7 10 | 10.3
Dodging        | 3 4 6 |  6.0
Evocations     | 3 4 |  4.0
Spellcasting   | 4 5 8 |  8.0
Shields        | 3 |  3.0
Armour         | 1 |  1.5
Long Blades    | 4 |  4.3
Summonings     | |  1.2

Action                     |  1- 3 |  4- 6 |  7- 9 | 10-12 | 13-15 || total
---------------------------+-------+-------+-------+-------+-------++-------
  Melee: Dagger            |    14 |    37 |   191 |   518 |   469 ||  1229
         Peck              |     6 |     3 |    35 |   150 |   144 ||   338
         Punch             |     2 |       |     2 |     4 |       ||     8
         Kick              |     1 |    11 |    57 |   199 |   228 ||   496
         Long sword        |       |       |       |       |    54 ||    54
         Rapier            |       |       |       |       |    18 ||    18
  Throw: Dart              |       |       |       |       |     2 ||     2
   Cast: Magic Dart        |    77 |   159 |    94 |    92 |    86 ||   508
         Call Imp          |       |     4 |     4 |     4 |       ||    12
         Mephitic Cloud    |       |     1 |    14 |    35 |    59 ||   109
         Blink             |       |     1 |     4 |     3 |       ||     8
         Vhi's Electric Ch |       |       |       |     2 |    19 ||    21
         Orb of Destructio |       |       |       |     1 |    26 ||    27
         Arcjolt           |       |       |       |       |    39 ||    39
 Invoke: Stomp             |       |     1 |    12 |    36 |    22 ||    71
         Line Pass         |       |       |     5 |     7 |     2 ||    14
         Grand Finale      |       |       |       |     2 |     2 ||     4
  Evoke: Wand              |       |       |     1 |    17 |     8 ||    26
         Tin of tremorston |       |       |       |     2 |     2 ||     4
    Use: Scroll            |     2 |     8 |     1 |    12 |     4 ||    27
         Potion            |       |     2 |     2 |       |     4 ||     8
   Stab: Sleeping          |       |     1 |     5 |     7 |     9 ||    22
         Confused          |       |     1 |    12 |    22 |    29 ||    64
         Paralysed         |       |       |     6 |    36 |    49 ||    91
         Distracted        |       |       |       |     1 |       ||     1
         Invisible         |       |       |       |       |     3 ||     3
 Armour: Robe              |     3 |     4 |    15 |       |       ||    22
         Skin              |       |       |     9 |       |       ||     9
         Leather armour    |       |       |       |   113 |    92 ||   205
         Steam dragon scal |       |       |       |     5 |       ||     5
         Ring mail         |       |       |       |       |     8 ||     8
  Dodge: Dodged            |    14 |    21 |   135 |   308 |   271 ||   749
  Block: Buckler           |       |       |       |    78 |   129 ||   207

Table legend: (Time is in decaauts)
 A = Elapsed time spent in this place.
 B = Non-inter-level travel time spent in this place.
 C = Inter-level travel time spent in this place.
 D = Time resting spent in this place.
 E = Time spent auto-exploring this place.
 F = Levels seen in this place.
 G = Mean time per level.
                   A        B        C        D        E       F      G
               +--------+--------+--------+--------+--------+-----+--------+
         Total |  27446 |  26058 |   1388 |   3310 |  17812 |  21 | 1307.0 |
       Dungeon |  16955 |  16219 |    736 |   1021 |  12616 |  14 | 1211.1 |
        Temple |    154 |    141 |     13 |     73 |     49 |   1 |  154.0 |
          Lair |   9404 |   8766 |    638 |   1737 |   5146 |   5 | 1880.8 |
      Ice Cave |    932 |    932 |      0 |    477 |      0 |   1 |  932.0 |
               +--------+--------+--------+--------+--------+-----+--------+

Top non-repeatable levels by time:
  Lair:5: 3164 daAuts
  Lair:4: 2632 daAuts
    D:11: 1681 daAuts
     D:6: 1602 daAuts
    D:13: 1585 daAuts
  Lair:3: 1525 daAuts
     D:7: 1434 daAuts
  Lair:2: 1370 daAuts
     D:2: 1346 daAuts
     D:1: 1335 daAuts
     D:5: 1282 daAuts
     D:4: 1177 daAuts
    D:10: 1115 daAuts
     D:8: 1086 daAuts
     D:3: 1001 daAuts
